 Dungeon Crawl Stone Soup version 0.26.1-11-gd32895ea62 (webtiles) character file.

Game seed: 10140225896183254713

62 phalm the Conjurer (level 3, -2/39 HPs)
             Began as a Demonspawn Conjurer on June 19, 2021.
             Slain by a worker ant (4 damage)
             ... on level 2 of the Dungeon.
             The game lasted 00:02:46 (1575 turns).

phalm the Conjurer (Demonspawn Conjurer)            Turns: 1575, Time: 00:02:47

Health: -2/39      AC: 21    Str:  7    XL:     3   Next: 85%
Magic:  0/6        EV:  2    Int: 20    God:
Gold:   119        SH:  0    Dex: 11    Spells: 4/7 levels left

rFire    . . .     SeeInvis .   a - +0 short sword
rCold    . . .     Faith    .   (no shield)
rNeg     + + +     Spirit   .   (armour currently unavailable)
rPois    +         Reflect  .   (helmet currently unavailable)
rElec    .         Harm     .   (cloak currently unavailable)
rCorr    .         Rampage  .   (gloves currently unavailable)
Will     .....     NoTele   +   (boots currently unavailable)
Stlth    ++........             (no amulet)
HPRegen  0.13/turn              P - ring of poison resistance
MPRegen  0.10/turn              (no ring)

@: tree-form
A: no striking features
a: no special abilities


You were on level 2 of the Dungeon.
You were a tree.
You visited 1 branch of the dungeon, and saw 2 of its levels.

You collected 119 gold pieces.


Innate Abilities, Weirdness & Mutations

((You have sharp fingernails.))


   Skills:
 + Level 1.5 Fighting
 - Level 1.7 Dodging
 - Level 1.7 Stealth
 + Level 2.5 Spellcasting
 * Level 4.8 Conjurations


You had 4 spell levels left.
You knew the following spells:

 Your Spells              Type           Power        Failure   Level
m - Magic Dart            Conj           88%          1%          1
s - Searing Ray           Conj           44%          3%          2

Your spell library contained the following spells:

 Spells                   Type           Power        Failure   Level
 Dazzling Flash           Conj/Hex       24%          17%         3
 Fulminant Prism          Conj/Hex       6%           50%         4
 Iskenderun's Mystic Bla  Conj/Tloc      12%          50%         4

Inventory:

Hand Weapons
 a - a +0 short sword (weapon)
   (You took it off a kobold on level 1 of the Dungeon)
 b - a +0 hunting sling
   (You found it on level 1 of the Dungeon)
Missiles
 c - 36 bolts
 f - 14 poisoned darts (quivered)
 g - 18 sling bullets
 m - 112 stones
Armour
 e - a +0 robe (melded)
Jewellery
 P - a ring of poison resistance (left branch)
   (You found it on level 2 of the Dungeon)
Scrolls
 d - 3 scrolls of fear {unknown}
 i - 2 scrolls of identify {unknown}
 k - a scroll of enchant armour {unknown}
 l - a scroll of enchant weapon {unknown}
 n - a scroll of blinking {unknown}
 o - a scroll of remove curse {unknown}
 q - a scroll of noise {unknown}
Potions
 j - a potion of haste {unknown}
 p - a potion of resistance {unknown}

Dungeon Overview and Level Annotations

Branches:
Dungeon (2/15)

Altars:

# #..
.....##########
.(.......B♣...#
..=...#######.#
((... #.# ....
#.# ...
#.######### ..
####.........#
# ..#
#.†.....####.#
..# #.#####.#
#.# ...# #.#
#.# #.#


You could see a worker ant.


Message History

Aiming: Magic Dart (safe; 1% risk of failure)
Press: ? - help, Shift-Dir - straight line, f/p - quokka
Aim: a quokka (heavily wounded, 0% to evade)
The magic dart hits the quokka. 😎 MP[-1]
You lost 1 mp, and now have 3/6 mp.
You hit the quokka.
You kill the quokka!
You see here a quokka corpse.
m - 112 stones (gained 18)
q - a scroll labelled TIMOUS UQE QAL 😎 MP[+3]
Your mp is fully restored (6).
A worker ant comes into view.
You throw a poisoned dart. The poisoned dart hits the worker ant.
You throw a poisoned dart. The poisoned dart hits the worker ant.
Casting: Magic Dart (safe; 1% risk of failure)
Confirm with . or Enter, or press ? or * to list all spells.
Aiming: Magic Dart (safe; 1% risk of failure)
Press: ? - help, Shift-Dir - straight line, f/p - worker ant
Aim: a worker ant (0% to evade)
The magic dart hits the worker ant. 😎 MP[-1]
You lost 1 mp, and now have 5/6 mp.
Casting: Magic Dart (safe; 1% risk of failure)
Confirm with . or Enter, or press ? or * to list all spells.
Aiming: Magic Dart (safe; 1% risk of failure)
Press: ? - help, Shift-Dir - straight line, f/p - worker ant
Aim: a worker ant (moderately wounded, 0% to evade)
The magic dart hits the worker ant. 😎 MP[-1]
You lost 1 mp, and now have 4/6 mp.
Casting: Magic Dart (safe; 1% risk of failure)
Confirm with . or Enter, or press ? or * to list all spells.
Aiming: Magic Dart (safe; 1% risk of failure)
Press: ? - help, Shift-Dir - straight line, f/p - worker ant
Aim: a worker ant (heavily wounded, 0% to evade)
The magic dart hits the worker ant. 😎 MP[-1]
You lost 1 mp, and now have 3/6 mp.
Casting: Magic Dart (safe; 1% risk of failure)
Confirm with . or Enter, or press ? or * to list all spells.
Aiming: Magic Dart (safe; 1% risk of failure)
Press: ? - help, Shift-Dir - straight line, f/p - worker ant
Aim: a worker ant (severely wounded, 0% to evade)
The magic dart hits the worker ant.
The worker ant barely misses you. 😎 MP[-1]
You lost 1 mp, and now have 2/6 mp.
You closely miss the worker ant. The worker ant bites you. 😕 HP[-5]
You take 5 damage, and now have 21/26 hp.
You barely miss the worker ant. The worker ant bites you.
The worker ant barely misses you. 😮 HP[-6]
You take 6 damage, and now have 15/26 hp.
MASSIVE DAMAGE!! (PAUSE)
Casting: Magic Dart (safe; 1% risk of failure)
Confirm with . or Enter, or press ? or * to list all spells.
Aiming: Magic Dart (safe; 1% risk of failure)
Press: ? - help, Shift-Dir - straight line, f/p - worker ant
Aim: a worker ant (severely wounded, 0% to evade)
The magic dart hits the worker ant.
The worker ant closely misses you. 😮 MP[-1]
You lost 1 mp, and now have 1/6 mp.
Casting: Magic Dart (safe; 1% risk of failure)
Confirm with . or Enter, or press ? or * to list all spells.
Aiming: Magic Dart (safe; 1% risk of failure)
Press: ? - help, Shift-Dir - straight line, f/p - worker ant
Aim: a worker ant (severely wounded, 0% to evade)
The magic dart hits the worker ant.
The worker ant bites you but does no damage. 😮 MP[-1]
You lost 1 mp, and now have 0/6 mp.
You are too injured to fight recklessly!
Throw: 15 darts (poison)
Press: ? - help, Q - select action, (/) - cycle Shift-Dir - straight line, f/p - worker ant
Aim: a worker ant (almost dead, 54% to hit)
You throw a poisoned dart.
The poisoned dart closely misses the worker ant.
The worker ant bites you!
* * * LOW HITPOINT WARNING * * *
The worker ant bites you.
* * * LOW HITPOINT WARNING * * *
😱 HP[-14] MP[+1]
You take 14 damage, and now have 1/26 hp.
MASSIVE DAMAGE!! (PAUSE)
You aren't carrying any items that you can evoke.
Casting: Magic Dart (safe; 1% risk of failure)
Confirm with . or Enter, or press ? or * to list all spells.
Aiming: Magic Dart (safe; 1% risk of failure)
Press: ? - help, Shift-Dir - straight line, f/p - worker ant
Aim: a worker ant (almost dead, 0% to evade)
The magic dart hits the worker ant but does no damage.
The worker ant barely misses you. 😱 MP[-1]
You lost 1 mp, and now have 0/6 mp.
It was a potion of lignification.
You turn into a tree.
Your +0 robe melds into your body.
Your roots penetrate the ground.
The worker ant bites you.
You die...

Skill      XL: |  1  2 |
---------------+-------+-----
Fighting       | 1 |  1.5
Dodging        | |  1.7
Stealth        | |  1.7
Spellcasting   | |  2.5
Conjurations   | |  4.8

Action                   || total
-------------------------++-------
Melee: Short sword       ||    13
 Fire: Hunting sling     ||     1
Throw: Dart              ||     9
 Cast: Magic Dart        ||    61
       Searing Ray       ||     3
  Use: Potion            ||     1
 Stab: Sleeping          ||     2
Armor: Robe              ||     1
Dodge: Dodged            ||    11

Levels and vault maps discovered:
D:1:      minmay_arrival_stone_box, layout_basic
D:2:      layout_basic, minmay_door_square

Notes
Turn   | Place    | Note
-------+----------+-------------------------------------------
     0 | D:1      | phalm the Demonspawn Conjurer began the quest for the Orb.
     0 | D:1      | Reached XP level 1. HP: 13/13 MP: 3/3
     0 | D:1      | magus.rc [v1.9.10]
   207 | D:1      | Gained mutation: You have sharp fingernails. [demonic
                  | ancestry]
   207 | D:1      | Reached XP level 2. HP: 20/20 MP: 1/5
   210 | D:1      | Learned a level 2 spell: Searing Ray
   594 | D:1      | Reached skill level 1 in Fighting
   708 | D:1      | Reached XP level 3. HP: 26/26 MP: 3/6
  1571 | D:2      | HP: 1/26 [worker ant (6)]
  1575 | D:2      | Slain by a worker ant

Vanquished Creatures
  2 adders (D:2)
  A worm (D:2)
  3 dart slugs
  A leopard gecko (D:1)
  A giant cockroach (D:1)
  5 goblins (D:1)
  3 hobgoblins
  2 jackals (D:2)
  A quokka (D:2)
  6 bats
  A frilled lizard (D:1)
  5 kobolds (D:1)
  3 rats (D:1)
34 creatures vanquished.

Table legend:
 A = Non-vault XP
 B = Vault XP
 C = Vault XP percentage of total XP
 D = Non-vault monster count
 E = Vault monster count
 F = Vault count percentage of total count
                 A         B        C        D         E       F
            +---------+---------+-------+---------+---------+-------
      Total |      89 |       0 |   0.0 |      34 |       0 |   0.0
            +---------+---------+-------+---------+---------+-------
        D:1 |      45 |       0 |   0.0 |      25 |       0 |   0.0
        D:2 |      44 |       0 |   0.0 |       9 |       0 |   0.0
            +---------+---------+-------+---------+---------+-------

Illustrated notes

Table legend:
 A = Kills in this place as a percentage of kills in entire the game.
 B = Kills by you in this place as a percentage of kills by you in the entire game.
 C = Kills by friends in this place as a percentage of kills by friends in the entire game.
 D = Other kills in this place as a percentage of other kills in the entire game.
 E = Experience gained in this place as a percentage of experience gained in the entire game.
 F = Experience gained in this place divided by the number of levels of this place that you have seen.
                   A       B       C       D       E      F
               +-------+-------+-------+-------+-------+----------------------
         Total | 100.0 | 100.0 |   N/A |   N/A | 100.0 |  44.5
       Dungeon | 100.0 | 100.0 |   N/A |   N/A | 100.0 |  44.5
               +-------+-------+-------+-------+-------+----------------------

Table legend: (Time is in decaauts)
 A = Elapsed time spent in this place.
 B = Non-inter-level travel time spent in this place.
 C = Inter-level travel time spent in this place.
 D = Time resting spent in this place.
 E = Time spent auto-exploring this place.
 F = Levels seen in this place.
 G = Mean time per level.
                   A        B        C        D        E       F      G
               +--------+--------+--------+--------+--------+-----+--------+
         Total |   1570 |   1555 |     15 |      0 |   1377 |   2 |  785.0 |
       Dungeon |   1570 |   1555 |     15 |      0 |   1377 |   2 |  785.0 |
               +--------+--------+--------+--------+--------+-----+--------+

Top non-repeatable levels by time:
     D:1: 947 daAuts
     D:2: 622 daAuts
